 Dungeon Crawl Stone Soup version 0.29.1-15-g9cfb28693d (webtiles) character file.

Game seed: 5496458420863103161

90662 Gabide the Blinker (level 15, -3/126 HPs)
             Began as a Demigod Warper on Apr 11, 2023.
             Shot with an arrow by a centaur warrior (18 damage)
             ... on level 15 of the Dungeon.
             The game lasted 01:17:46 (38439 turns).

Gabide the Blinker (Demigod Warper)                Turns: 38439, Time: 01:17:47

Health: -3/126     AC: 19    Str: 12    XL:     15   Next: 11%
Magic:  8/42       EV: 16    Int: 48    God:
Gold:   1284       SH:  0    Dex: 13    Spells: 14/34 levels left

rFire   . . .      SeeInvis .   b - +2 hand crossbow (freeze)
rCold   . . .      Faith    .   (no shield)
rNeg    + + +      Spirit   .   I - +3 steam dragon scales "Atreoc" {rN+++ Int+4 Stlth-}
rPois   .          Reflect  .   V - +2 hat {Int+3}
rElec   .          Harm     .   M - +2 cloak
rCorr   .          Rampage  .   s - +2 pair of gloves
Will    +....                   k - +2 pair of boots
Stlth   ..........              N - amulet of magic regeneration
HPRegen 0.31/turn               W - ring of magical power
MPRegen 0.68/turn               q - +6 ring of intelligence

@: studying 2 skills, invisible
A: high MP 1, forlorn, divine attributes
a: no special abilities


You were on level 15 of the Dungeon.
You visited 2 branches of the dungeon, and saw 20 of its levels.
You also visited: Bailey and Ice Cave.

You collected 1405 gold pieces.
You spent 121 gold pieces at shops.

Inventory:

Hand Weapons
 a - the +10 mace of Moijinytz {drain, Will+ MP+9 Dex+6}
   (You took it off a kobold on level 4 of the Dungeon)

   A truly terrible weapon, it drains the life of any living foe it strikes.
   Dex:       It affects your dexterity (+6).
   MP:        It affects your magic capacity (+9).
   Will:      It increases your willpower.
 b - a +2 hand crossbow of freezing (weapon)
Missiles
 l - 13 boomerangs
 E - 2 curare-tipped darts
Armour
 d - the -2 hat of the Alchemist {rElec rPois rF+ rC+ rN+ Will+ rMut rCorr}
   (You acquired it on level 2 of the Dungeon)

   rF:        It protects you from fire.
   rC:        It protects you from cold.
   rElec:     It insulates you from electricity.
   rPois:     It protects you from poison.
   rN:        It protects you from negative energy.
   rCorr:     It protects you from acid and corrosion.
   rMut:      It protects you from mutation.
   Will:      It increases your willpower.
 e - a scarf of resistance
 k - a +2 pair of boots (worn)
 s - a +2 pair of gloves (worn)
 w - the +0 leather armour of Azuz {rElec rF+++ Stlth+}
   (You found it on level 13 of the Dungeon)

   rF:        It renders you almost immune to fire.
   rElec:     It insulates you from electricity.
   Stlth:     It makes you more stealthy.
 I - the +3 steam dragon scales "Atreoc" (worn) {rN+++ Int+4 Stlth-}
   (You took it off a spriggan in a bailey)

   Int:       It affects your intelligence (+4).
   rN:        It renders you almost immune to negative energy.
   Stlth:     It makes you less stealthy.
 M - a +2 cloak (worn)
 V - a +2 hat of intelligence (worn)
Jewellery
 j - a ring of poison resistance
 o - a ring of flight
 q - a +6 ring of intelligence (right hand)
 u - the amulet "Nimo" {Acrobat +Inv Dex+4 Stlth+}
   (You found it on level 3 of the Dungeon)

   [amulet of the acrobat]

   It increases your evasion while moving and waiting.
   Dex:       It affects your dexterity (+4).
   +Inv:      It lets you turn invisible.
   Stlth:     It makes you more stealthy.
 A - a +4 ring of protection
 L - a ring of resist corrosion
 N - an amulet of magic regeneration (around neck)
 S - an amulet of regeneration
 W - a ring of magical power (left hand)
 Z - a ring of protection from cold
Wands
 y - a wand of mindburst (6)
 K - a wand of iceblast (15)
 O - a wand of quicksilver (12)
 T - a wand of charming (2)
Scrolls
 c - 2 scrolls of blinking
 i - 5 scrolls of vulnerability
 m - 8 scrolls of teleportation
 t - 3 scrolls of amnesia
 x - 3 scrolls of immolation
 z - 2 scrolls of magic mapping
 C - a scroll of identify
 J - a scroll of summoning
 Q - 5 scrolls of poison
 U - a scroll of brand weapon
Potions
 f - 14 potions of curing
 g - 4 potions of might
 h - 3 potions of haste
 n - a potion of heal wounds
 p - 4 potions of mutation
 r - 2 potions of berserk rage
 v - 3 potions of attraction
 B - 2 potions of flight
 D - 3 potions of lignification
 G - 3 potions of cancellation
 X - 3 potions of magic
 Y - a potion of brilliance


   Skills:
 - Level 10.0 Fighting
 - Level 3.0 Long Blades
 - Level 10.0 Maces & Flails
 + Level 8.3 Ranged Weapons
 - Level 1.0 Throwing
 - Level 1.0 Armour
 - Level 10.0 Dodging
 - Level 10.0 Spellcasting
 - Level 15.0 Translocations


You had 14 spell levels left.
You knew the following spells:

 Your Spells              Type           Power      Damage    Failure   Level
a - Blink                 Tloc           100%       N/A       0%          2
b - Teleport Other        Tloc           100%       N/A       0%          3
c - Lesser Beckoning      Tloc           100%       N/A       0%          3
d - Manifold Assault      Tloc           100%       N/A       1%          5
e - Gell's Gravitas       Tloc           100%       N/A       0%          3
f - Iskenderun's Mystic   Conj/Tloc      77%        2d15      1%          4

Your spell library contained the following spells:

 Spells                   Type           Power      Damage    Failure   Level
 Beastly Appendage        Tmut           48%        N/A       1%          1
 Magic Dart               Conj           96%        1d7       1%          1
 Sandblast                Erth           48%        2d12      1%          1
 Ensorcelled Hibernation  Hex/Ice        48%        N/A       1%          2
 Passwall                 Tmut/Erth      20%        N/A       1%          2
 Scorch                   Fire           48%        2d7       1%          2
 Searing Ray              Conj           48%        2d6       1%          2
 Static Discharge         Conj/Air       24%        3-6/arc   1%          2
 Wereblood                Tmut           24%        N/A       1%          2
 Frozen Ramparts          Ice            48%        1d8       3%          3
 Spider Form              Tmut/Pois      24%        N/A       3%          3
 Stone Arrow              Conj/Erth      48%        3d10      3%          3
 Swiftness                Air            24%        N/A       3%          3
 Anguish                  Hex/Necr       12%        N/A       10%         4
 Flame Wave               Conj/Fire      24%        2d8       10%         4
 Fulminant Prism          Conj/Hex       12%        3d9       10%         4
 Hailstorm                Conj/Ice       24%        3d7       10%         4
 Ice Form                 Ice/Tmut       24%        N/A       10%         4
 Petrify                  Tmut/Erth      24%        N/A       10%         4
 Summon Ice Beast         Ice/Summ       24%        N/A       10%         4
 Lee's Rapid Deconstruct  Erth           12%        3d9*      28%         5
 Lightning Bolt           Conj/Air       12%        1d25      28%         5
 Metabolic Englaciation   Hex/Ice        12%        N/A       28%         5
 Simulacrum               Ice/Necr       12%        N/A       83%         6
 Statue Form              Tmut/Erth      16%        N/A       83%         6
 Summon Cactus Giant      Summ           12%        N/A       83%         6
 Enfeeble                 Hex            12%        N/A       100%        7
 Maxwell's Capacitive Co  Air            12%        ∞         100%        8


Dungeon Overview and Level Annotations

Branches:
Dungeon (15/15)            Temple (0/1) D:4            Lair (5/5) D:10
 Shoals (0/4) Lair:3       Spider (0/4) Lair:3        Slime (0/5) Lair:5
    Orc (0/2) D:10         Vaults (0/5) D:14         Bailey (visited)
  IceCv (visited)
 Depths: D:15

Shops:
D:5 [   D:6 *

Annotations:
D:12 exclusion: war gargoyle
D:15 Louise


Innate Abilities, Weirdness & Mutations

You have an increased reservoir of magic. (+10% MP)
You shall have no god before yourself.
Your divine heritage dramatically boosts your attributes as you level up.


Message History

Louise casts a spell at you. You resist with some effort.
The centaur warrior shoots an arrow.
The arrow hits you!!
Unknown command.
Fire: b) +2 hand crossbow (freeze)
Press: ? - help, Q - select action, (/) - cycle Shift-Dir - straight line, f/p - centaur warrior
Aim: a centaur warrior, wielding a +0 longbow (unable to see you, 75% to hit)
You shoot a bolt. The bolt hits the centaur warrior!
The bolt freezes the centaur warrior.
The centaur warrior is lightly wounded.
The centaur warrior shoots an arrow.
The arrow hits you but does no damage.
Louise hits you with a +1 eveningstar of holy wrath!
* * * LOW HITPOINT WARNING * * *
The centaur warrior shoots an arrow.
The arrow hits you!
* * * LOW HITPOINT WARNING * * *
Louise hits you with a +1 eveningstar of holy wrath!
* * * LOW HITPOINT WARNING * * *
Blink to where?
Press: ? - help, Dir - move target, p - centaur warrior
As you read the scroll of blinking, it crumbles to dust.
Casting: Iskenderun's Mystic Blast (mildly dangerous; 1% risk of failure)
Confirm with . or Enter, or press ? or * to list all spells.
Okay, then.
Unknown command.
Casting: Iskenderun's Mystic Blast (mildly dangerous; 1% risk of failure)
Confirm with . or Enter, or press ? or * to list all spells.
Aiming: Teleport Other (safe; 0% risk of failure)
Press: ? - help, Shift-Dir - straight line, f - Louise
Aim: Louise, wielding a +1 eveningstar of holy wrath, wearing a +0 plate armour and wearing a +0 tower shield (moderately wounded, unable to see you, chance to affect: 53%) Louise resists with significant effort.
Casting: Teleport Other (safe; 0% risk of failure)
Confirm with . or Enter, or press ? or * to list all spells.
Aiming: Teleport Other (safe; 0% risk of failure)
Press: ? - help, Shift-Dir - straight line, f/p - Louise
Aim: Louise, wielding a +1 eveningstar of holy wrath, wearing a +0 plate armour and wearing a +0 tower shield (moderately wounded, unable to see you, chance to affect: 53%) Louise looks slightly unstable.
Louise disappears!
The centaur warrior shoots an arrow.
The arrow hits you but does no damage.
The centaur warrior shoots an arrow.
The arrow hits you!!
You die...

#.# #.# #.# #.# #.# #. #.# #.#
..# #.# #.# #.# #.# #.######
#### #.###.############......#
#...
#.......##.#..@....####.####.##
#..##...#.#..#####.####.#....##
#...#......#.# #.##.(.......)
#........c...# #.##.#.#....##
#)......#...## #.##.#.####.##
...†####.##...# #......# #...
##†.☼ ...##...# ####...# ####
#.########...# ###.# .. #...#
#.#


You could see a centaur warrior (unable to see you).

Vanquished Creatures
  Jorgrun (D:14)
  A reaper (IceCv)
  Azrael (D:15)
  A quicksilver dragon zombie (D:15)
  Snorg (D:12)
  Erolcha (D:11)
  7 hydras
  An ogre mage (D:15)
  A merfolk avatar (Lair:5)
  6 boulder beetles
  Erica (D:10)
  7 two-headed ogres
  7 centaur warriors
  2 titan zombies (D:15)
  3 tengu warriors
  The ghost of ripuliukko the Thaumaturge, a journeyman DEEE of Vehumet (Lair:1)
  5 death yaks (Lair:4)
  A vampire mage (D:15)
  Urug (D:12)
  A skeletal warrior (D:14)
  2 sea snakes (Lair:5)
  A deep elf archer (D:14)
  A necromancer (D:15)
  2 harpies (Lair:5)
  An orc knight (D:9)
  2 deep elf pyromancers (D:14)
  A deep elf zephyrmancer (D:14)
  5 lindwurms
  2 ugly things
  3 manticores
  An oklob plant (Lair:3)
  6 cyclopes
  16 elephants
  2 torpor snails (Lair:4)
  2 black mambas (Lair:4)
  An ice statue (IceCv)
  9 gargoyles (D:12)
  14 cane toads
  3 rime drakes (Lair:5)
  6 kobold demonologists
  2 centaur skeletons (D:14)
  6 komodo dragons
  4 trolls
  3 meliai (D:13)
  6 polar bears
  A wolf spider simulacrum (D:14)
  11 blink frogs
  A wind drake (Lair:5)
  Prince Ribbit (D:8)
  A snapping turtle (Lair:5)
  2 hornets
  A culicivora (Lair:3)
  4 jumping spiders (Lair:3)
  7 dream sheep (Lair:3)
  Sigmund (D:6)
  6 wyverns
  A shadow (D:11)
  20 yaks
  5 spriggans (Bailey)
  4 wraiths
  Grum (D:8)
  5 basilisks
  4 fire elementals (D:15)
  6 vampire mosquitoes
  2 death yak simulacra (IceCv)
  9 wargs (D:9)
  5 steam dragons
  Menkaure (D:4)
  A redback (Lair:3)
  A glowing shapeshifter zombie (D:15)
  5 acid dragons
  A harpy simulacrum (IceCv)
  16 water moccasins
  Duvessa (D:7)
  5 hell hounds
  3 hydra simulacra (IceCv)
  12 orc warriors
  6 black bears
  An ice beast (D:7)
  8 ogres
  2 sky beasts (D:7)
  21 centaurs
  6 wolves
  A phantom (D:7)
  10 kobold brigands
  10 bullfrogs
  3 necrophages (D:6)
  4 gnoll sergeants (D:9)
  4 scorpions
  4 two-headed ogre simulacra (IceCv)
  3 cane toad simulacra (IceCv)
  5 wights (D:7)
  Dowan (D:7)
  An elephant simulacrum (IceCv)
  9 killer bees (D:9)
  4 electric eels
  6 howler monkeys
  4 lava snakes (Lair:3)
  3 hounds
  5 gnoll boudas (D:9)
  6 orc priests
  2 jellies
  16 orc wizards
  Terence (D:2)
  3 spriggan simulacra (IceCv)
  6 troll simulacra (IceCv)
  2 polar bear simulacra (IceCv)
  2 boggart skeletons (D:14)
  8 wolf simulacra (IceCv)
  14 gnolls
  9 adders
  6 naga simulacra (IceCv)
  7 white imps
  6 ufetubi
  A worm (D:2)
  A dart slug (D:2)
  42 orcs
  4 ball pythons
  7 endoplasms
  4 giant cockroaches
  8 goblins
  3 hobgoblins
  4 jackals (D:1)
  5 quokkas
  4 bats
  6 frilled lizards
  18 kobolds
  2 rats
  A spectral orc (D:3)
614 creatures vanquished.

Vanquished Creatures (collateral kills)
  A wolf simulacrum (IceCv)
1 creature vanquished.

Vanquished Creatures (others)
  A centaur warrior (D:13)
  A wyvern (Lair:5)
  2 centaurs (D:13)
  An orc wizard (D:9)
  21 fungi
  62 plants
  4 withered plants (D:15)
92 creatures vanquished.

Grand Total: 707 creatures vanquished

Notes
Turn   | Place    | Note
-------+----------+-------------------------------------------
     0 | D:1      | Gabide the Demigod Warper began the quest for the Orb.
     0 | D:1      | Reached XP level 1. HP: 17/17 MP: 5/5
   131 | D:1      | Reached skill level 1 in Armour
   413 | D:1      | Reached skill level 1 in Throwing
   413 | D:1      | Reached XP level 2. HP: 8/24 MP: 7/7
   420 | D:1      | HP: 1/24 [jackal (1)]
   428 | D:1      | Reached skill level 3 in Translocations
  1495 | D:1      | Reached XP level 3. HP: 29/29 MP: 8/8
  1848 | D:2      | Noticed Terence
  2216 | D:2      | Killed Terence
  2217 | D:2      | Reached skill level 4 in Translocations
  2278 | D:2      | Identified a scroll of acquirement
  2278 | D:2      | Acquired the -2 hat of the Alchemist {rElec rPois rF+ rC+
                  | rN+ Will+ rMut rCorr}
  2278 | D:2      | Found the -2 hat of the Alchemist {rElec rPois rF+ rC+ rN+
                  | Will+ rMut rCorr}
  2283 | D:2      | Learned a level 2 spell: Blink
  2799 | D:3      | Reached XP level 4. HP: 25/36 MP: 9/9
  2980 | D:3      | Identified the amulet "Nimo" {Acrobat +Inv Dex+4 Stlth+}
  3820 | D:4      | Noticed Menkaure
  3833 | D:4      | Killed Menkaure
  3834 | D:4      | Reached XP level 5. HP: 19/42 MP: 11/11
  4071 | D:4      | Identified the +10 mace of Moijinytz {drain, Will+ MP+9
                  | Dex+6}
  4293 | D:4      | Found a staircase to the Ecumenical Temple.
  4321 | D:4      | Reached XP level 6. HP: 50/50 MP: 12/12
  4434 | D:4      | Reached skill level 5 in Translocations
  4777 | D:5      | Entered Level 5 of the Dungeon
  4876 | D:5      | Reached skill level 1 in Maces & Flails
  4879 | D:5      | Reached XP level 7. HP: 40/57 MP: 14/14
  5246 | D:5      | Learned a level 3 spell: Teleport Other
  5250 | D:5      | Learned a level 3 spell: Lesser Beckoning
  5263 | D:5      | Found Xawulomn's Antique Armour Boutique.
  5265 | D:5      | Identified the +5 whip of Paxku {vorpal, SInv}
  5267 | D:5      | Bought a pair of gloves for 121 gold pieces
  5749 | D:6      | Noticed Sigmund
  5757 | D:6      | Killed Sigmund
  5758 | D:6      | Reached skill level 6 in Translocations
  5830 | D:6      | Reached XP level 8. HP: 54/63 MP: 16/16
  6726 | D:6      | Found Qeow's General Store.
  7095 | D:7      | Reached skill level 7 in Translocations
  7886 | D:7      | Reached XP level 9. HP: 48/71 MP: 18/18
  8143 | D:7      | Acquired a +4 ring of protection
  8406 | D:7      | Noticed Duvessa
  8410 | D:7      | Noticed Dowan
  8417 | D:7      | Killed Duvessa
  8418 | D:7      | Reached skill level 8 in Translocations
  8440 | D:7      | Killed Dowan
  8999 | D:8      | Noticed Grum
  9269 | D:8      | Killed Grum
  9270 | D:8      | Reached skill level 5 in Maces & Flails
  9270 | D:8      | Reached skill level 5 in Dodging
  9499 | D:8      | Reached skill level 5 in Fighting
  9704 | D:8      | Noticed Prince Ribbit
  9717 | D:8      | Killed Prince Ribbit
  9931 | D:8      | Reached skill level 5 in Spellcasting
 10600 | D:9      | Noticed a manticore
 10600 | D:9      | Noticed a boulder beetle
 10602 | D:9      | Noticed a cyclops
 10604 | D:9      | Noticed a boulder beetle
 10605 | D:9      | Noticed a manticore
 10606 | D:9      | Noticed a manticore
 10693 | D:9      | Reached XP level 10. HP: 78/81 MP: 21/21
 10766 | D:9      | Reached skill level 9 in Translocations
 11642 | D:9      | Noticed a cyclops
 11676 | D:9      | Noticed a sun demon
 12026 | D:8      | Learned a level 5 spell: Manifold Assault
 12030 | D:8      | Learned a level 3 spell: Gell's Gravitas
 12052 | D:9      | Noticed an orc knight
 12055 | D:9      | Noticed a cyclops
 12196 | D:9      | Killed a cyclops
 12340 | D:9      | Noticed a two-headed ogre
 12347 | D:9      | Killed a two-headed ogre
 12725 | D:9      | Noticed a sixfirhy
 12728 | D:9      | Reached skill level 10 in Translocations
 12914 | D:9      | Killed an orc knight
 12915 | D:9      | Reached XP level 11. HP: 67/91 MP: 19/24
 13082 | D:9      | Noticed a two-headed ogre
 13090 | D:9      | Killed a two-headed ogre
 14251 | D:10     | Entered Level 10 of the Dungeon
 14727 | D:10     | Found a staircase to the Lair.
 14734 | D:10     | Found a staircase to the Orcish Mines.
 14777 | D:10     | Found a flagged portal.
 14806 | Bailey   | Entered a bailey
 14960 | Bailey   | Reached skill level 11 in Translocations
 15118 | Bailey   | Noticed a two-headed ogre
 15120 | Bailey   | Identified the +3 steam dragon scales "Atreoc" {rN+++ Int+4
                  | Stlth-}
 15124 | Bailey   | Killed a two-headed ogre
 16127 | D:10     | Noticed Erica
 16139 | D:10     | Killed Erica
 17602 | D:11     | Reached XP level 12. HP: 100/100 MP: 1/27
 17946 | D:11     | Noticed Erolcha
 17948 | D:11     | Noticed a two-headed ogre
 17953 | D:11     | Killed Erolcha
 17954 | D:11     | Killed a two-headed ogre
 19070 | D:12     | Noticed a centaur warrior
 19083 | D:12     | Killed a centaur warrior
 19380 | D:12     | Noticed a two-headed ogre
 19388 | D:12     | Killed a two-headed ogre
 19389 | D:12     | Reached skill level 12 in Translocations
 19659 | D:12     | Noticed Urug
 19667 | D:12     | Killed Urug
 19911 | D:12     | Noticed Snorg
 19922 | D:12     | Killed Snorg
 20439 | D:12     | Noticed a war gargoyle
 20627 | Lair:1   | Entered Level 1 of the Lair of Beasts
 21543 | Lair:1   | Found a runed translucent gate.
 21544 | Lair:1   | Found a runed translucent gate.
 21545 | Lair:1   | Found a runed translucent gate.
 21546 | Lair:1   | Noticed ripuliukko's ghost (journeyman DEEE)
 21581 | Lair:1   | Killed ripuliukko's ghost
 22418 | Lair:2   | Noticed a four-headed hydra
 22423 | Lair:2   | Killed a four-headed hydra
 23598 | Lair:2   | Noticed a five-headed hydra
 23607 | Lair:2   | Killed a five-headed hydra
 24068 | Lair:3   | Found a hole to the Spider Nest.
 24343 | Lair:3   | Reached XP level 13. HP: 108/108 MP: 8/29
 24616 | Lair:3   | Found a staircase to the Shoals.
 24939 | Lair:3   | Reached skill level 13 in Translocations
 25767 | Lair:3   | Found a runed translucent door.
 26731 | Lair:3   | Identified the +4 whip "Beise" {drain, rPois MP+9 Int+4
                  | Dex-5}
 26740 | Lair:3   | Found a runed translucent gate.
 26740 | Lair:3   | Found a runed translucent gate.
 26740 | Lair:3   | Found a runed translucent gate.
 26740 | Lair:3   | Found a runed translucent gate.
 26740 | Lair:3   | Found a runed translucent gate.
 26740 | Lair:3   | Found a runed translucent gate.
 27212 | Lair:3   | Learned a level 4 spell: Iskenderun's Mystic Blast
 28743 | Lair:4   | Reached skill level 14 in Translocations
 29598 | Lair:5   | Entered Level 5 of the Lair of Beasts
 29613 | Lair:5   | Reached XP level 14. HP: 118/118 MP: 12/31
 30018 | Lair:5   | Found a staircase to the Slime Pits.
 30027 | Lair:5   | Found a frozen archway.
 30051 | IceCv    | Entered an ice cave
 31275 | IceCv    | Reached skill level 10 in Maces & Flails
 31664 | IceCv    | Noticed a reaper
 31985 | IceCv    | Killed a reaper
 32695 | Lair:5   | Reached skill level 10 in Fighting
 32695 | Lair:5   | Reached skill level 10 in Dodging
 33897 | D:13     | Identified the +0 leather armour of Azuz {rElec rF+++
                  | Stlth+}
 34023 | D:13     | Reached skill level 15 in Translocations
 34570 | D:13     | Reached skill level 10 in Spellcasting
 35209 | D:14     | Reached skill level 1 in Ranged Weapons
 36288 | D:14     | Noticed Jorgrun
 36309 | D:14     | Killed Jorgrun
 36718 | D:14     | Reached skill level 5 in Ranged Weapons
 37657 | D:14     | Found a gate to the Vaults.
 37722 | D:15     | Entered Level 15 of the Dungeon
 38032 | D:15     | Reached XP level 15. HP: 69/126 MP: 9/33
 38409 | D:15     | Noticed Louise
 38409 | D:15     | Noticed Azrael
 38420 | D:15     | Killed Azrael
 38439 | D:15     | Shot with an arrow by a centaur warrior

Illustrated notes

Levels and vault maps discovered:
D:1:      sevenhm_arrival_forest_fort_large_4, layout_loops_ring,
          hangedman_decor_points, chequers_serial_rivers_small_3
D:2:      layout_basic, shapermc_ecumenical_altar_mp_ritualfount, uniq_terence
D:3:      layout_loops_ring, yredelemnul_forgotten_temple_becter,
          kiku_gazebo_garden_becter
D:4:      layout_loops_ring, marbit_many_paths, minmay_temple_entry_trees,
          nicolae_underground_beach, uniq_menkaure
D:5:      layout_loops_ring, mainiacjoe_overflow_paths, serial_shops, shop
D:6:      layout_basic, nicolae_uskayaw_dance_hall, elyvilon_altar_1,
          serial_shops, nicolae_take_the_stairs, minivault_24, nrook_campfire,
          uniq_sigmund
D:7:      layout_loops_corners, minmay_circle_x, uniq_duvessa
D:8:      layout_basic, nicolae_dithmenos_shadow_blocks, kennysheep_flooded_box,
          uniq_grum, uniq_prince_ribbit1
D:9:      lemuel_castle_with_subvaults [lemuel_castle_interior_carwin_3],
          layout_stronghold, nemelex_diamond_rough_becter,
          mainiacjoe_overflow_catwalk, mainiacjoe_overflow_cross_hatched,
          nicolae_overflow_crystal_walls, onia_ninara_dug_in_and_dangerous
D:10:     layout_stronghold, mainiacjoe_overflow_alcove_1,
          minmay_lair_entry_grove, orc_0_dummy, enter_bailey_6,
          minmay_misc_feat_tiny, chequers_serial_rivers_room_b, billiards_dpeg,
          uniq_erica
D:11:     layout_cave_pods, uniq_erolcha
D:12:     gargoyle_guard, layout_cave_pools, fiery_altar_vehumet, uniq_snorg,
          uniq_urug
D:13:     layout_rooms, hive_lemuel
D:14:     layout_basic, hangedman_vaults_entry_quadrant_bands, nicolae_titane,
          uniq_jorgrun
D:15:     gammafunk_depths_entry_grave, layout_loops_cross, uniq_louise,
          uniq_azrael
Lair:1:   layout_cave_pods, ebering_ghost_rock_garden
Lair:2:   layout_cave_pods
Lair:3:   gammafunk_indiana_jones, layout_layer_cave, shoals_dummy_entry,
          spider_nest_entry_rubble
Lair:4:   layout_cellular_growth, lemuel_fruit_fields, grunt_megastairs_1,
          serial_bayou_shore_a
Lair:5:   gammafunk_lair_ancient_temple, layout_misc_corridors, slime_entry_1,
          portal_ice_cave_entry_pillars_2

Skill      XL: |  1  2  3  4  5  6  7  8  9 10 11 12 13 14 15 |
---------------+----------------------------------------------+-----
Armour         | 1 |  1.0
Fighting       | 2 3 4 5 6 7 8 9 10 | 10.0
Long Blades    | 2 3 |  3.0
Throwing       | 1 |  1.0
Dodging        | 2 3 4 5 6 7 8 9 10 | 10.0
Spellcasting   | 2 3 4 5 6 7 8 9 10 | 10.0
Translocations | 3 4 5 6 7 8 10 11 12 14 15 | 15.0
Maces & Flails | 2 3 4 5 6 7 8 9 10 | 10.0
Ranged Weapons | 7 8 |  8.3

Action                   |  1- 3 |  4- 6 |  7- 9 | 10-12 | 13-15 || total
-------------------------+-------+-------+-------+-------+-------++-------
Melee: Falchion          |    72 |       |       |       |       ||    72
       Punch             |     2 |     2 |     6 |     2 |     7 ||    19
       Long sword        |    41 |    71 |       |       |       ||   112
       Mace              |       |    42 |   357 |   854 |  1071 ||  2324
 Fire: Hand crossbow     |       |       |       |       |   161 ||   161
Throw: Boomerang         |    13 |     1 |     4 |    40 |       ||    58
       Dart              |       |       |       |     4 |     4 ||     8
 Cast: Teleport Other    |       |       |     6 |     5 |     5 ||    16
       Blink             |       |       |     4 |     3 |    20 ||    27
       Lesser Beckoning  |       |       |     4 |       |     3 ||     7
       Manifold Assault  |       |       |       |   333 |   442 ||   775
       Gell's Gravitas   |       |       |       |     8 |    36 ||    44
       Iskenderun's Myst |       |       |       |       |    67 ||    67
Evoke: Wand              |       |       |       |     3 |     2 ||     5
  Use: Potion            |     1 |     1 |       |       |    12 ||    14
       Scroll            |     7 |    10 |     9 |     8 |    13 ||    47
 Stab: Sleeping          |     3 |     6 |     8 |       |       ||    17
       Distracted        |       |       |     1 |     2 |       ||     3
       Invisible         |       |       |       |       |     4 ||     4
Armor: Leather armour    |    32 |    53 |   123 |       |       ||   208
       Steam dragon scal |       |       |    33 |   195 |   275 ||   503
Dodge: Dodged            |    79 |    94 |   351 |   457 |   552 ||  1533
